Lightning vs Panthers

Created - October 21, 2016 at 17:24

Goals
1 2 3 T
Lightning 1 2 0 3
Panthers 1 2 2 5
Shots
1 2 3 T
Lightning 12 9 13 34
Panthers 14 16 13 43

1st period

1. Lightning , Johnny Gaudreau 3 (Kevin Klein, Patric Hornqvist) at 1:16 (PP)
2. Panthers , Vladimir Tarasenko 2 (Pavel Datsyuk, T.J. Brodie) at 1:48

Penalties :
Tomas Hertl (FLA) for Roughing (Minor) at 0:38, Erik Gudbranson (TBL) for Interference (Minor) at 18:07

2nd period

3. Panthers , T.J. Brodie 1 (Jacob Trouba, Artem Anisimov) at 0:06 (PP)
4. Lightning , Patric Hornqvist 2 (Jeff Carter, Teddy Purcell) at 8:02
5. Lightning , Troy Brouwer 1 (Travis Zajac, Kevin Klein) at 8:23
6. Panthers , Joakim Nordstrom 2 (Tomas Hertl, Jori Lehtera) at 11:28

Penalties :
No Penalty

3rd period

7. Panthers , Danny DeKeyser 1 (Joakim Nordstrom, Justin Braun) at 4:42
8. Panthers , Tomas Hertl 2 (Trevor van Riemsdyk, Joakim Nordstrom) at 16:31

Penalties :
No Penalty

Goalie Stats

Kari Lehtonen (TBL), 38 saves from 43 shots - (0.884), L, 1-3-0, 60:00 minutes
Marc-Andre Fleury (FLA), 31 saves from 34 shots - (0.912), W, 3-2-0, 60:00 minutes

Players Stats for Lightning

Player Name              G  A  P  +/- PIM S  H  SB GA TA FO     MP     PP MP  PK MP  
------------------------------------------------------------------------------------
Andre Benoit             0  0  0   1  0   1  1  0  0  0  0/0    17:34   0:00   0:41 
Andrej Sekera            0  0  0  -2  0   1  0  2  0  0  0/0    22:16   0:00   1:18 
Brad Hunt                0  0  0   1  0   1  4  1  0  0  0/0    17:03   0:00   0:10 
David Schlemko           0  0  0  -2  0   0  1  1  0  0  0/0    17:30   0:00   0:20 
Eric Fehr                0  0  0  -1  0   0  0  0  0  0  8/14    7:19   0:00   0:30 
Erik Gudbranson          0  0  0  -1  2   0  3  1  0  0  0/0    23:57   0:38   0:00 
Henrik Sedin             0  0  0  -2  0   4  2  0  0  0  22/33  22:36   0:38   0:00 
Jeff Carter              0  1  1   0  0   7  1  0  0  0  9/23   16:37   0:00   0:00 
Johnny Gaudreau          1  0  1  -2  0   4  0  0  0  0  4/5    22:36   0:38   0:00 
Kevin Klein              0  2  2  -1  0   0  0  0  0  0  0/0    21:39   0:38   1:29 
Nick Spaling             0  0  0  -1  0   0  0  0  0  0  0/0     6:58   0:00   0:09 
Patric Hornqvist         1  1  2   0  0   3  5  0  0  0  1/1    17:15   0:38   0:00 
Radim Vrbata             0  0  0  -2  0   3  0  0  0  0  0/0    21:58   0:00   0:00 
Teddy Purcell            0  1  1   0  0   2  0  0  0  0  1/1    16:37   0:00   0:00 
Tobias Rieder            0  0  0  -1  0   3  0  0  0  0  0/0     6:49   0:00   0:00 
Tomas Fleischmann        0  0  0   1  0   0  0  0  0  0  0/1    13:19   0:00   1:20 
Travis Zajac             0  1  1   1  0   0  0  2  0  0  13/19  13:28   0:00   1:29 
Troy Brouwer             1  0  1   1  0   5  6  0  0  0  0/0    12:29   0:00   0:30 

Players Stats for Panthers

Player Name              G  A  P  +/- PIM S  H  SB GA TA FO     MP     PP MP  PK MP  
------------------------------------------------------------------------------------
Alexey Marchenko         0  0  0   2  0   0  1  2  0  0  0/0    14:42   0:00   0:00 
Artem Anisimov           0  1  1  -1  0   2  2  0  0  0  11/29  23:12   0:56   0:22 
Danny DeKeyser           1  0  1   0  0   2  1  1  0  0  0/0    20:37   0:32   0:22 
Hunter Shinkaruk         0  0  0   0  0   2  0  0  0  0  0/0     6:13   0:00   0:00 
Jacob Trouba             0  1  1   0  0   1  5  1  0  0  0/0    24:47   1:27   0:22 
Joakim Nordstrom         1  2  3   3  0   4  1  0  0  0  0/1    12:18   0:00   0:16 
Joe Thornton             0  0  0   0  0   3  1  0  0  0  11/25  18:17   1:03   0:00 
Jori Lehtera             0  1  1   3  0   1  1  0  0  0  8/22   12:18   0:00   0:16 
Justin Braun             0  1  1   0  0   0  4  4  0  0  0/0    21:56   0:32   0:16 
Nikolaj Ehlers           0  0  0  -1  0   3  0  0  0  0  1/3    22:50   0:56   0:00 
Ondrej Palat             0  0  0  -1  0   8  0  0  0  0  0/1    22:50   0:56   0:00 
Pavel Datsyuk            0  1  1   0  0   5  2  0  0  0  1/1    18:17   1:03   0:00 
Pierre-Edouard Bellemare 0  0  0   0  0   2  0  0  0  0  6/11    6:35   0:00   0:22 
Riley Nash               0  0  0   0  0   0  0  0  0  0  0/1     6:13   0:00   0:00 
T.J. Brodie              1  1  2   0  0   1  1  0  0  0  0/0    24:41   1:27   0:16 
Tomas Hertl              1  1  2   3  2   5  0  0  0  0  0/0    12:01   0:00   0:00 
Trevor van Riemsdyk      0  1  1   2  0   0  3  0  0  0  0/0    13:17   0:00   0:00 
Vladimir Tarasenko       1  0  1   0  0   4  2  0  0  0  1/3    18:17   1:03   0:00 

3 Stars

1 - Joakim Nordstrom (FLA)
2 - Patric Hornqvist (TBL)
3 - Troy Brouwer (TBL)

Power Play

Lightning - 1 on 1 Attempt(s) - 100.00%
Panthers - 1 on 1 Attempt(s) - 100.00%

Penalty Kill

Lightning - 0 on 1 Attempt(s) - 0.00% - Score 0 goal in Penalty Kill
Panthers - 0 on 1 Attempt(s) - 0.00% - Score 0 goal in Penalty Kill

Team Stat

Lightning - Hits : 23 - Faceoff Wins : 58 - Blocked Shots : 7 - Penalty Minutes : 2
Panthers - Hits : 24 - Faceoff Wins : 39 - Blocked Shots : 8 - Penalty Minutes : 2

Official

Referees : Ghislain Hebert and Dave Lewis
Linesman : Michel Cormier and Brandon Gawryletz

Game Notes

No Game Note

Finance

Level 1 -- Attendance: 6000 (100.00%) -- Ticket Income $648,000
Level 2 -- Attendance: 4801 (96.02%) -- Ticket Income $374,478
Level 3 -- Attendance: 3478 (99.37%) -- Ticket Income $173,900
Level 4 -- Attendance: 3038 (81.01%) -- Ticket Income $75,950
Luxury Box -- Attendance: 949 (94.90%) -- Ticket Income $194,545
Game was played at the BBT Center.
Total Attendance: 18266 (94.89%)
Total Ticket Income: $1,466,873
Other Income: $220,031
Total Income: $1,686,904

% Time on Ice - Lightning

Lines # - Real PCT - Wanted PCT - Time Play
Normal Forward
1 - 38% - 40% - 21:58
2 - 29% - 30% - 16:37
3 - 21% - 20% - 11:59
4 - 12% - 10% - 6:49
Normal Defense
1 - 34% - 40% - 19:32
2 - 30% - 30% - 17:10
3 - 29% - 20% - 16:53
4 - 7% - 10% - 3:48
PP Forward
1 - 100% - 60% - 0:38
2 - 0% - 40% - 0:00
PP Defense
1 - 100% - 60% - 0:38
2 - 0% - 40% - 0:00
PK Forward
1 - 75% - 60% - 1:29
2 - 25% - 40% - 0:30
PK Defense
1 - 92% - 60% - 1:49
2 - 8% - 40% - 0:10
PK3 Forward
1 - 0% - 60%
2 - 0% - 40%
PK3 Defense
1 - 0% - 60%
2 - 0% - 40%
44 Forward
1 - 0% - 60%
2 - 0% - 40%
44 Defense
1 - 0% - 60%
2 - 0% - 40%
Last Minute Offensive  - 0:00
Last Minute Defensive  - 0:00
Total
Forward - 60:00
Defense - 60:00

% Time on Ice - Panthers

Lines # - Real PCT - Wanted PCT - Time Play
Normal Forward
1 - 38% - 40% - 21:54
2 - 30% - 30% - 17:14
3 - 21% - 20% - 12:02
4 - 11% - 10% - 6:13
Normal Defense
1 - 40% - 40% - 22:58
2 - 34% - 35% - 19:43
3 - 23% - 20% - 13:17
4 - 2% - 5% - 1:25
PP Forward
1 - 47% - 60% - 0:56
2 - 53% - 40% - 1:03
PP Defense
1 - 73% - 60% - 1:27
2 - 27% - 40% - 0:32
PK Forward
1 - 42% - 50% - 0:16
2 - 58% - 50% - 0:22
PK Defense
1 - 58% - 60% - 0:22
2 - 42% - 40% - 0:16
PK3 Forward
1 - 0% - 60%
2 - 0% - 40%
PK3 Defense
1 - 0% - 60%
2 - 0% - 40%
44 Forward
1 - 0% - 60%
2 - 0% - 40%
44 Defense
1 - 0% - 60%
2 - 0% - 40%
Last Minute Offensive  - 0:00
Last Minute Defensive  - 0:00
Total
Forward - 60:00
Defense - 60:00

Play by Play

1st period


0:01 of 1st period - Artem Anisimov wins face-off versus Henrik Sedin in neutral zone.
0:12 of 1st period - Shot by Ondrej Palat.
0:12 of 1st period - Stopped by Kari Lehtonen without a rebound.
0:13 of 1st period - Joe Thornton wins face-off versus Jeff Carter in Lightning zone.
0:24 of 1st period - Shot by Pavel Datsyuk.
0:24 of 1st period - Stopped by Kari Lehtonen without a rebound.
0:25 of 1st period - Travis Zajac wins face-off versus Jori Lehtera in Lightning zone.
0:38 of 1st period - Minor Penalty to Tomas Hertl for Roughing.
0:39 of 1st period - Henrik Sedin wins face-off versus Pierre-Edouard Bellemare in Panthers zone.
1:12 of 1st period - Shot by Johnny Gaudreau.
1:12 of 1st period - Shot Hit the Post.
1:14 of 1st period - Shot by Kevin Klein.
1:14 of 1st period - Shot Misses the Net.
1:16 of 1st period - Shot by Kevin Klein.
1:16 of 1st period - Deflect By Johnny Gaudreau.
1:16 of 1st period - Goal by Johnny Gaudreau - Lightning : 1 - Panthers : 0.
1:17 of 1st period - Joe Thornton wins face-off versus Eric Fehr in neutral zone.
1:46 of 1st period - Shot by Pavel Datsyuk.
1:46 of 1st period - Shot Blocked by Andrej Sekera.
1:48 of 1st period - Shot by Pavel Datsyuk.
1:48 of 1st period - Deflect By Vladimir Tarasenko.
1:48 of 1st period - Goal by Vladimir Tarasenko - Lightning : 1 - Panthers : 1.
1:49 of 1st period - Henrik Sedin wins face-off versus Artem Anisimov in neutral zone.
2:38 of 1st period - Kevin Klein is hit by Artem Anisimov and loses puck.
2:53 of 1st period - Shot by Tomas Hertl.
2:53 of 1st period - Shot Misses the Net.
2:59 of 1st period - Shot by Tomas Hertl.
2:59 of 1st period - Shot Misses the Net.
3:01 of 1st period - Shot by Tomas Hertl.
3:01 of 1st period - Stopped by Kari Lehtonen without a rebound.
3:02 of 1st period - Jeff Carter wins face-off versus Riley Nash in Lightning zone.
3:10 of 1st period - Hunter Shinkaruk is hit by Brad Hunt and loses puck.
3:23 of 1st period - Shot by Hunter Shinkaruk.
3:23 of 1st period - Shot Misses the Net.
3:35 of 1st period - Shot by Hunter Shinkaruk.
3:35 of 1st period - Stopped by Kari Lehtonen without a rebound.
3:36 of 1st period - Joe Thornton wins face-off versus Travis Zajac in Lightning zone.
3:49 of 1st period - Shot by Vladimir Tarasenko.
3:49 of 1st period - Stopped by Kari Lehtonen without a rebound.
3:50 of 1st period - Eric Fehr wins face-off versus Artem Anisimov in Lightning zone.
4:31 of 1st period - Shot by Ondrej Palat.
4:31 of 1st period - Stopped by Kari Lehtonen with a rebound.
5:03 of 1st period - Shot by Patric Hornqvist.
5:03 of 1st period - Shot Misses the Net.
5:09 of 1st period - Shot by Patric Hornqvist.
5:09 of 1st period - Shot Misses the Net.
5:11 of 1st period - Shot by Jeff Carter.
5:11 of 1st period - Stopped by Marc-Andre Fleury without a rebound.
5:12 of 1st period - Henrik Sedin wins face-off versus Jori Lehtera in Panthers zone.
5:12 of 1st period - Johnny Gaudreau is hit by Trevor van Riemsdyk and loses puck.
6:16 of 1st period - Shot by Ondrej Palat.
6:16 of 1st period - Stopped by Kari Lehtonen without a rebound.
6:17 of 1st period - Joe Thornton wins face-off versus Tomas Fleischmann in Lightning zone.
6:48 of 1st period - Shot by Travis Zajac.
6:48 of 1st period - Shot Blocked by Justin Braun.
7:18 of 1st period - Pavel Datsyuk is hit by Patric Hornqvist and loses puck.
7:22 of 1st period - Justin Braun is hit by Patric Hornqvist and loses puck.
7:35 of 1st period - Shot by Ondrej Palat.
7:35 of 1st period - Stopped by Kari Lehtonen without a rebound.
7:36 of 1st period - Artem Anisimov wins face-off versus Eric Fehr in Lightning zone.
8:41 of 1st period - Shot by Jeff Carter.
8:41 of 1st period - Stopped by Marc-Andre Fleury without a rebound.
8:42 of 1st period - Henrik Sedin wins face-off versus Jori Lehtera in Panthers zone.
8:42 of 1st period - Kevin Klein is hit by Trevor van Riemsdyk.
8:53 of 1st period - Icing by Alexey Marchenko.
8:54 of 1st period - Jeff Carter wins face-off versus Jori Lehtera in Panthers zone.
9:03 of 1st period - Shot by Jori Lehtera.
9:03 of 1st period - Stopped by Kari Lehtonen without a rebound.
9:04 of 1st period - Henrik Sedin wins face-off versus Pierre-Edouard Bellemare in Lightning zone.
9:12 of 1st period - Icing by Henrik Sedin.
9:13 of 1st period - Henrik Sedin wins face-off versus Jori Lehtera in Lightning zone.
9:15 of 1st period - Icing by Johnny Gaudreau.
9:16 of 1st period - Pierre-Edouard Bellemare wins face-off versus Henrik Sedin in Lightning zone.
9:46 of 1st period - Henrik Sedin is hit by Justin Braun and loses puck.
9:49 of 1st period - Shot by Johnny Gaudreau.
9:49 of 1st period - Stopped by Marc-Andre Fleury without a rebound.
9:50 of 1st period - Jeff Carter wins face-off versus Artem Anisimov in Panthers zone.
9:51 of 1st period - Shot by Patric Hornqvist.
9:51 of 1st period - Shot Misses the Net.
10:15 of 1st period - Off-side.
10:16 of 1st period - Travis Zajac wins face-off versus Joe Thornton in neutral zone.
10:34 of 1st period - Shot by Troy Brouwer.
10:34 of 1st period - Stopped by Marc-Andre Fleury with a rebound.
10:36 of 1st period - Shot by Troy Brouwer.
10:36 of 1st period - Stopped by Marc-Andre Fleury without a rebound.
10:37 of 1st period - Henrik Sedin wins face-off versus Artem Anisimov in Panthers zone.
10:37 of 1st period - Johnny Gaudreau is hit by Jacob Trouba.
10:41 of 1st period - Shot by Johnny Gaudreau.
10:41 of 1st period - Stopped by Marc-Andre Fleury without a rebound.
10:42 of 1st period - Henrik Sedin wins face-off versus Jori Lehtera in Panthers zone.
10:43 of 1st period - Shot by Radim Vrbata.
10:43 of 1st period - Stopped by Marc-Andre Fleury without a rebound.
10:44 of 1st period - Henrik Sedin wins face-off versus Artem Anisimov in Panthers zone.
11:10 of 1st period - Shot by Johnny Gaudreau.
11:10 of 1st period - Shot Blocked by Jacob Trouba.
11:12 of 1st period - Shot by Erik Gudbranson.
11:12 of 1st period - Shot Misses the Net.
11:14 of 1st period - Shot by Andrej Sekera.
11:14 of 1st period - Shot Misses the Net.
11:52 of 1st period - Shot by Brad Hunt.
11:52 of 1st period - Stopped by Marc-Andre Fleury with a rebound.
12:19 of 1st period - Off-side.
12:20 of 1st period - Travis Zajac wins face-off versus Joe Thornton in neutral zone.
12:20 of 1st period - Travis Zajac is hit by Pavel Datsyuk.
12:38 of 1st period - Icing by Vladimir Tarasenko.
12:39 of 1st period - Johnny Gaudreau wins face-off versus Joe Thornton in Panthers zone.
12:46 of 1st period - Shot by Johnny Gaudreau.
12:46 of 1st period - Stopped by Marc-Andre Fleury without a rebound.
12:47 of 1st period - Jori Lehtera wins face-off versus Travis Zajac in Panthers zone.
12:47 of 1st period - Jori Lehtera is hit by Troy Brouwer.
13:45 of 1st period - Shot by Joe Thornton.
13:45 of 1st period - Stopped by Kari Lehtonen without a rebound.
13:46 of 1st period - Henrik Sedin wins face-off versus Artem Anisimov in Lightning zone.
14:11 of 1st period - Shot by Johnny Gaudreau.
14:11 of 1st period - Deflect By Henrik Sedin.
14:11 of 1st period - Shot Misses the Net.
14:39 of 1st period - Icing by Erik Gudbranson.
14:40 of 1st period - Pavel Datsyuk wins face-off versus Henrik Sedin in Lightning zone.
14:44 of 1st period - Joe Thornton is hit by Erik Gudbranson and loses puck.
14:51 of 1st period - Shot by Pavel Datsyuk.
14:51 of 1st period - Shot Misses the Net.
15:00 of 1st period - Joe Thornton is hit by Erik Gudbranson.
15:12 of 1st period - Shot by Pavel Datsyuk.
15:12 of 1st period - Stopped by Kari Lehtonen without a rebound.
15:13 of 1st period - Jeff Carter wins face-off versus Pierre-Edouard Bellemare in Lightning zone.
15:18 of 1st period - Riley Nash is hit by Jeff Carter and loses puck.
15:25 of 1st period - Shot by Jeff Carter.
15:25 of 1st period - Shot Misses the Net.
15:28 of 1st period - Icing by Justin Braun.
15:29 of 1st period - Pierre-Edouard Bellemare wins face-off versus Travis Zajac in Panthers zone.
15:33 of 1st period - Icing by Justin Braun.
15:34 of 1st period - Pierre-Edouard Bellemare wins face-off versus Jeff Carter in Panthers zone.
15:57 of 1st period - Shot by Hunter Shinkaruk.
15:57 of 1st period - Stopped by Kari Lehtonen without a rebound.
15:58 of 1st period - Artem Anisimov wins face-off versus Travis Zajac in Lightning zone.
16:07 of 1st period - Shot by Tomas Fleischmann.
16:07 of 1st period - Shot Misses the Net.
16:39 of 1st period - Shot by Troy Brouwer.
16:39 of 1st period - Shot Misses the Net.
17:19 of 1st period - Shot by Jeff Carter.
17:19 of 1st period - Shot Misses the Net.
17:21 of 1st period - Shot by Teddy Purcell.
17:21 of 1st period - Shot Misses the Net.
17:23 of 1st period - Shot by Jeff Carter.
17:23 of 1st period - Deflect By Teddy Purcell.
17:23 of 1st period - Shot Blocked by Alexey Marchenko.
17:39 of 1st period - Shot by Jeff Carter.
17:39 of 1st period - Stopped by Marc-Andre Fleury without a rebound.
17:40 of 1st period - Henrik Sedin wins face-off versus Jori Lehtera in Panthers zone.
17:58 of 1st period - Shot by Henrik Sedin.
17:58 of 1st period - Shot Blocked by Danny DeKeyser.
18:00 of 1st period - Shot by Andrej Sekera.
18:00 of 1st period - Stopped by Marc-Andre Fleury without a rebound.
18:01 of 1st period - Pierre-Edouard Bellemare wins face-off versus Eric Fehr in Panthers zone.
18:07 of 1st period - Minor Penalty to Erik Gudbranson for Interference.
18:08 of 1st period - Travis Zajac wins face-off versus Artem Anisimov in Lightning zone.
18:44 of 1st period - Shot by Jacob Trouba.
18:44 of 1st period - Shot Misses the Net.
19:26 of 1st period - Shot by Vladimir Tarasenko.
19:26 of 1st period - Shot Misses the Net.
19:28 of 1st period - Shot by Joe Thornton.
19:28 of 1st period - Stopped by Kari Lehtonen without a rebound.
19:29 of 1st period - Joe Thornton wins face-off versus Eric Fehr in Lightning zone.
19:47 of 1st period - Icing by Pavel Datsyuk.
19:48 of 1st period - Travis Zajac wins face-off versus Joe Thornton in Panthers zone.
Goals for this period are 1 for Lightning vs 1 for Panthers.
Shots for this period are 12 for Lightning vs 14 for Panthers.

2nd period


0:01 of 2nd period - Artem Anisimov wins face-off versus Travis Zajac in neutral zone.
0:06 of 2nd period - Shot by T.J. Brodie.
0:06 of 2nd period - Goal by T.J. Brodie - Lightning : 1 - Panthers : 2.
0:07 of 2nd period - Henrik Sedin wins face-off versus Ondrej Palat in neutral zone.
0:34 of 2nd period - Shot by Henrik Sedin.
0:34 of 2nd period - Stopped by Marc-Andre Fleury with a rebound.
1:08 of 2nd period - Shot by Vladimir Tarasenko.
1:08 of 2nd period - Shot Misses the Net.
1:22 of 2nd period - Shot by Pavel Datsyuk.
1:22 of 2nd period - Stopped by Kari Lehtonen without a rebound.
1:23 of 2nd period - Travis Zajac wins face-off versus Jori Lehtera in Lightning zone.
1:23 of 2nd period - Troy Brouwer is hit by Joakim Nordstrom and loses puck.
1:32 of 2nd period - Shot by Travis Zajac.
1:32 of 2nd period - Shot Misses the Net.
1:34 of 2nd period - Shot by Travis Zajac.
1:34 of 2nd period - Shot Hit the Post.
1:59 of 2nd period - Trevor van Riemsdyk is hit by Troy Brouwer and loses puck.
2:13 of 2nd period - Icing by Alexey Marchenko.
2:14 of 2nd period - Jori Lehtera wins face-off versus Henrik Sedin in Panthers zone.
2:14 of 2nd period - Jori Lehtera is hit by Henrik Sedin.
2:34 of 2nd period - Erik Gudbranson is hit by Jori Lehtera and loses puck.
3:27 of 2nd period - Icing by Andrej Sekera.
3:28 of 2nd period - Joe Thornton wins face-off versus Jeff Carter in Lightning zone.
3:47 of 2nd period - Shot by Vladimir Tarasenko.
3:47 of 2nd period - Stopped by Kari Lehtonen with a rebound.
3:51 of 2nd period - Shot by Vladimir Tarasenko.
3:51 of 2nd period - Shot Misses the Net.
3:53 of 2nd period - Shot by Danny DeKeyser.
3:53 of 2nd period - Deflect By Pavel Datsyuk.
3:53 of 2nd period - Stopped by Kari Lehtonen without a rebound.
3:54 of 2nd period - Artem Anisimov wins face-off versus Eric Fehr in Lightning zone.
4:17 of 2nd period - Shot by Ondrej Palat.
4:17 of 2nd period - Shot Misses the Net.
4:19 of 2nd period - Shot by Ondrej Palat.
4:19 of 2nd period - Stopped by Kari Lehtonen with a rebound.
4:21 of 2nd period - Shot by Ondrej Palat.
4:21 of 2nd period - Stopped by Kari Lehtonen without a rebound.
4:22 of 2nd period - Vladimir Tarasenko wins face-off versus Henrik Sedin in Lightning zone.
4:36 of 2nd period - Vladimir Tarasenko is hit by Erik Gudbranson and loses puck.
4:41 of 2nd period - Shot by Pavel Datsyuk.
4:41 of 2nd period - Stopped by Kari Lehtonen without a rebound.
4:42 of 2nd period - Nikolaj Ehlers wins face-off versus Jeff Carter in Lightning zone.
4:49 of 2nd period - Shot by Ondrej Palat.
4:49 of 2nd period - Shot Hit the Post.
5:31 of 2nd period - Icing by Andrej Sekera.
5:32 of 2nd period - Joe Thornton wins face-off versus Jeff Carter in Lightning zone.
5:34 of 2nd period - Pavel Datsyuk is hit by David Schlemko and loses puck.
7:14 of 2nd period - Icing by Trevor van Riemsdyk.
7:15 of 2nd period - Eric Fehr wins face-off versus Pierre-Edouard Bellemare in Panthers zone.
7:48 of 2nd period - Shot by Tobias Rieder.
7:48 of 2nd period - Shot Misses the Net.
7:50 of 2nd period - Shot by Tobias Rieder.
7:50 of 2nd period - Shot Misses the Net.
7:52 of 2nd period - Shot by Tobias Rieder.
7:52 of 2nd period - Stopped by Marc-Andre Fleury without a rebound.
7:53 of 2nd period - Jeff Carter wins face-off versus Joe Thornton in Panthers zone.
7:54 of 2nd period - Shot by Patric Hornqvist.
7:54 of 2nd period - Shot Blocked by Justin Braun.
8:02 of 2nd period - Shot by Patric Hornqvist.
8:02 of 2nd period - Goal by Patric Hornqvist - Lightning : 2 - Panthers : 2.
8:03 of 2nd period - Travis Zajac wins face-off versus Artem Anisimov in neutral zone.
8:06 of 2nd period - T.J. Brodie is hit by Troy Brouwer and loses puck.
8:23 of 2nd period - Shot by Troy Brouwer.
8:23 of 2nd period - Goal by Troy Brouwer - Lightning : 3 - Panthers : 2.
8:24 of 2nd period - Johnny Gaudreau wins face-off versus Vladimir Tarasenko in neutral zone.
8:37 of 2nd period - Shot by Radim Vrbata.
8:37 of 2nd period - Stopped by Marc-Andre Fleury with a rebound.
9:16 of 2nd period - Icing by Andre Benoit.
9:17 of 2nd period - Johnny Gaudreau wins face-off versus Artem Anisimov in Lightning zone.
9:37 of 2nd period - Teddy Purcell is hit by Jacob Trouba and loses puck.
9:53 of 2nd period - Shot by Ondrej Palat.
9:53 of 2nd period - Shot Blocked by Erik Gudbranson.
10:28 of 2nd period - Icing by Travis Zajac.
10:29 of 2nd period - Travis Zajac wins face-off versus Joe Thornton in Lightning zone.
10:29 of 2nd period - Travis Zajac is hit by Vladimir Tarasenko.
10:37 of 2nd period - Troy Brouwer is hit by Joe Thornton and loses puck.
11:22 of 2nd period - Off-side.
11:23 of 2nd period - Jori Lehtera wins face-off versus Johnny Gaudreau in neutral zone.
11:28 of 2nd period - Shot by Joakim Nordstrom.
11:28 of 2nd period - Goal by Joakim Nordstrom - Lightning : 3 - Panthers : 3.
11:29 of 2nd period - Henrik Sedin wins face-off versus Jori Lehtera in neutral zone.
11:40 of 2nd period - Shot by Joakim Nordstrom.
11:40 of 2nd period - Stopped by Kari Lehtonen without a rebound.
11:41 of 2nd period - Jeff Carter wins face-off versus Artem Anisimov in Lightning zone.
11:50 of 2nd period - Jacob Trouba is hit by Patric Hornqvist and loses puck.
12:06 of 2nd period - Shot by Patric Hornqvist.
12:06 of 2nd period - Shot Misses the Net.
12:17 of 2nd period - Shot by Ondrej Palat.
12:17 of 2nd period - Stopped by Kari Lehtonen with a rebound.
12:25 of 2nd period - Shot by Ondrej Palat.
12:25 of 2nd period - Stopped by Kari Lehtonen without a rebound.
12:26 of 2nd period - Henrik Sedin wins face-off versus Joe Thornton in Lightning zone.
12:30 of 2nd period - Erik Gudbranson is hit by Danny DeKeyser and loses puck.
12:37 of 2nd period - Shot by Henrik Sedin.
12:37 of 2nd period - Stopped by Marc-Andre Fleury without a rebound.
12:38 of 2nd period - Eric Fehr wins face-off versus Jori Lehtera in Panthers zone.
12:41 of 2nd period - Shot by Tobias Rieder.
12:41 of 2nd period - Stopped by Marc-Andre Fleury without a rebound.
12:42 of 2nd period - Joe Thornton wins face-off versus Henrik Sedin in Panthers zone.
12:50 of 2nd period - Icing by Justin Braun.
12:51 of 2nd period - Henrik Sedin wins face-off versus Joe Thornton in Panthers zone.
14:42 of 2nd period - Jacob Trouba is hit by Patric Hornqvist and loses puck.
14:53 of 2nd period - Shot by Jeff Carter.
14:53 of 2nd period - Stopped by Marc-Andre Fleury without a rebound.
14:54 of 2nd period - Travis Zajac wins face-off versus Jori Lehtera in Panthers zone.
14:54 of 2nd period - Travis Zajac is hit by Alexey Marchenko.
15:10 of 2nd period - Shot by Tomas Hertl.
15:10 of 2nd period - Stopped by Kari Lehtonen without a rebound.
15:11 of 2nd period - Eric Fehr wins face-off versus Pierre-Edouard Bellemare in Lightning zone.
15:47 of 2nd period - Shot by Pierre-Edouard Bellemare.
15:47 of 2nd period - Stopped by Kari Lehtonen without a rebound.
15:48 of 2nd period - Teddy Purcell wins face-off versus Artem Anisimov in Lightning zone.
15:54 of 2nd period - Off-side.
15:55 of 2nd period - Jeff Carter wins face-off versus Artem Anisimov in neutral zone.
15:57 of 2nd period - Teddy Purcell is hit by Jacob Trouba and loses puck.
16:04 of 2nd period - Shot by Teddy Purcell.
16:04 of 2nd period - Shot Misses the Net.
16:09 of 2nd period - Ondrej Palat is hit by Brad Hunt and loses puck.
16:12 of 2nd period - Shot by Nikolaj Ehlers.
16:12 of 2nd period - Deflect By Ondrej Palat.
16:12 of 2nd period - Shot Misses the Net.
16:20 of 2nd period - Shot by Ondrej Palat.
16:20 of 2nd period - Shot Blocked by Brad Hunt.
16:22 of 2nd period - Shot by Jacob Trouba.
16:22 of 2nd period - Stopped by Kari Lehtonen without a rebound.
16:23 of 2nd period - Jori Lehtera wins face-off versus Henrik Sedin in Lightning zone.
16:40 of 2nd period - Shot by Joakim Nordstrom.
16:40 of 2nd period - Stopped by Kari Lehtonen with a rebound.
17:38 of 2nd period - Off-side.
17:39 of 2nd period - Travis Zajac wins face-off versus Joe Thornton in neutral zone.
17:44 of 2nd period - Vladimir Tarasenko is hit by Troy Brouwer and loses puck.
17:51 of 2nd period - Troy Brouwer is hit by Pavel Datsyuk and loses puck.
18:43 of 2nd period - Shot by Artem Anisimov.
18:43 of 2nd period - Stopped by Kari Lehtonen without a rebound.
18:44 of 2nd period - Jori Lehtera wins face-off versus Jeff Carter in Lightning zone.
18:50 of 2nd period - Icing by Erik Gudbranson.
18:51 of 2nd period - Jeff Carter wins face-off versus Artem Anisimov in Lightning zone.
19:01 of 2nd period - Patric Hornqvist is hit by Jacob Trouba.
19:07 of 2nd period - Shot by Teddy Purcell.
19:07 of 2nd period - Stopped by Marc-Andre Fleury without a rebound.
19:08 of 2nd period - Henrik Sedin wins face-off versus Jori Lehtera in Panthers zone.
19:35 of 2nd period - Shot by Tomas Hertl.
19:35 of 2nd period - Shot Misses the Net.
Goals for this period are 2 for Lightning vs 2 for Panthers.
Shots for this period are 9 for Lightning vs 16 for Panthers.

3rd period


0:01 of 3rd period - Artem Anisimov wins face-off versus Jeff Carter in neutral zone.
0:03 of 3rd period - Ondrej Palat is hit by Patric Hornqvist and loses puck.
0:08 of 3rd period - Shot by Jeff Carter.
0:08 of 3rd period - Stopped by Marc-Andre Fleury with a rebound.
0:10 of 3rd period - Shot by Kevin Klein.
0:10 of 3rd period - Shot Misses the Net.
0:12 of 3rd period - Shot by Teddy Purcell.
0:12 of 3rd period - Shot Misses the Net.
0:14 of 3rd period - Shot by Patric Hornqvist.
0:14 of 3rd period - Stopped by Marc-Andre Fleury without a rebound.
0:15 of 3rd period - Henrik Sedin wins face-off versus Joe Thornton in Panthers zone.
1:43 of 3rd period - Icing by Patric Hornqvist.
1:44 of 3rd period - Pierre-Edouard Bellemare wins face-off versus Jeff Carter in Lightning zone.
2:19 of 3rd period - Danny DeKeyser is hit by Troy Brouwer and loses puck.
2:32 of 3rd period - Shot by Troy Brouwer.
2:32 of 3rd period - Deflect By Travis Zajac.
2:32 of 3rd period - Shot Blocked by Justin Braun.
2:34 of 3rd period - Shot by Andre Benoit.
2:34 of 3rd period - Deflect By Troy Brouwer.
2:34 of 3rd period - Stopped by Marc-Andre Fleury with a rebound.
2:36 of 3rd period - Shot by Troy Brouwer.
2:36 of 3rd period - Shot Misses the Net.
2:38 of 3rd period - Shot by Troy Brouwer.
2:38 of 3rd period - Stopped by Marc-Andre Fleury without a rebound.
2:39 of 3rd period - Johnny Gaudreau wins face-off versus Artem Anisimov in Panthers zone.
2:40 of 3rd period - Shot by Henrik Sedin.
2:40 of 3rd period - Stopped by Marc-Andre Fleury with a rebound.
2:53 of 3rd period - Icing by T.J. Brodie.
2:54 of 3rd period - Eric Fehr wins face-off versus Artem Anisimov in Panthers zone.
3:48 of 3rd period - Icing by Jacob Trouba.
3:49 of 3rd period - Henrik Sedin wins face-off versus Artem Anisimov in Panthers zone.
4:24 of 3rd period - Icing by Kevin Klein.
4:25 of 3rd period - Jori Lehtera wins face-off versus Henrik Sedin in Lightning zone.
4:40 of 3rd period - Shot by Joakim Nordstrom.
4:40 of 3rd period - Shot Misses the Net.
4:42 of 3rd period - Shot by Danny DeKeyser.
4:42 of 3rd period - Goal by Danny DeKeyser - Lightning : 3 - Panthers : 4.
4:43 of 3rd period - Joe Thornton wins face-off versus Jeff Carter in neutral zone.
5:10 of 3rd period - Shot by Jeff Carter.
5:10 of 3rd period - Stopped by Marc-Andre Fleury without a rebound.
5:11 of 3rd period - Travis Zajac wins face-off versus Jori Lehtera in Panthers zone.
5:11 of 3rd period - Troy Brouwer is hit by Justin Braun and loses puck.
5:39 of 3rd period - Icing by Tomas Fleischmann.
5:40 of 3rd period - Travis Zajac wins face-off versus Artem Anisimov in Lightning zone.
5:51 of 3rd period - Shot by Ondrej Palat.
5:51 of 3rd period - Shot Blocked by Travis Zajac.
6:05 of 3rd period - Shot by Artem Anisimov.
6:05 of 3rd period - Shot Blocked by Travis Zajac.
6:07 of 3rd period - Shot by Artem Anisimov.
6:07 of 3rd period - Stopped by Kari Lehtonen without a rebound.
6:08 of 3rd period - Henrik Sedin wins face-off versus Joe Thornton in Lightning zone.
6:08 of 3rd period - Johnny Gaudreau is hit by Vladimir Tarasenko and loses puck.
6:13 of 3rd period - Shot by Vladimir Tarasenko.
6:13 of 3rd period - Shot Misses the Net.
6:31 of 3rd period - Shot by Joe Thornton.
6:31 of 3rd period - Stopped by Kari Lehtonen with a rebound.
7:40 of 3rd period - Icing by T.J. Brodie.
7:41 of 3rd period - Artem Anisimov wins face-off versus Travis Zajac in Panthers zone.
7:41 of 3rd period - Artem Anisimov is hit by Troy Brouwer.
8:06 of 3rd period - Joakim Nordstrom is hit by Brad Hunt and loses puck.
8:11 of 3rd period - Shot by Tomas Hertl.
8:11 of 3rd period - Stopped by Kari Lehtonen without a rebound.
8:12 of 3rd period - Joe Thornton wins face-off versus Jeff Carter in Lightning zone.
8:43 of 3rd period - Shot by Joe Thornton.
8:43 of 3rd period - Shot Blocked by David Schlemko.
8:51 of 3rd period - Shot by Teddy Purcell.
8:51 of 3rd period - Shot Misses the Net.
9:15 of 3rd period - Shot by Johnny Gaudreau.
9:15 of 3rd period - Shot Blocked by Justin Braun.
10:26 of 3rd period - Off-side.
10:27 of 3rd period - Artem Anisimov wins face-off versus Eric Fehr in neutral zone.
10:40 of 3rd period - Shot by Nikolaj Ehlers.
10:40 of 3rd period - Stopped by Kari Lehtonen without a rebound.
10:41 of 3rd period - Pierre-Edouard Bellemare wins face-off versus Jeff Carter in Lightning zone.
11:16 of 3rd period - Patric Hornqvist is hit by Trevor van Riemsdyk and loses puck.
11:21 of 3rd period - Shot by Jeff Carter.
11:21 of 3rd period - Deflect By Teddy Purcell.
11:21 of 3rd period - Stopped by Marc-Andre Fleury with a rebound.
11:44 of 3rd period - Shot by Radim Vrbata.
11:44 of 3rd period - Stopped by Marc-Andre Fleury without a rebound.
11:45 of 3rd period - Eric Fehr wins face-off versus Nikolaj Ehlers in Panthers zone.
11:46 of 3rd period - Shot by Tobias Rieder.
11:46 of 3rd period - Stopped by Marc-Andre Fleury without a rebound.
11:47 of 3rd period - Artem Anisimov wins face-off versus Henrik Sedin in Panthers zone.
11:55 of 3rd period - T.J. Brodie is hit by Andre Benoit and loses puck.
12:15 of 3rd period - Ondrej Palat is hit by Brad Hunt and loses puck.
12:22 of 3rd period - Shot by Artem Anisimov.
12:22 of 3rd period - Deflect By Nikolaj Ehlers.
12:22 of 3rd period - Stopped by Kari Lehtonen without a rebound.
12:23 of 3rd period - Jeff Carter wins face-off versus Joe Thornton in Lightning zone.
12:31 of 3rd period - Kevin Klein is hit by Justin Braun and loses puck.
12:35 of 3rd period - Icing by Danny DeKeyser.
12:36 of 3rd period - Travis Zajac wins face-off versus Joe Thornton in Panthers zone.
12:37 of 3rd period - Shot by Tomas Fleischmann.
12:37 of 3rd period - Shot Misses the Net.
12:51 of 3rd period - Shot by Pavel Datsyuk.
12:51 of 3rd period - Shot Blocked by Andrej Sekera.
13:04 of 3rd period - Icing by Justin Braun.
13:05 of 3rd period - Henrik Sedin wins face-off versus Vladimir Tarasenko in Panthers zone.
13:07 of 3rd period - Johnny Gaudreau is hit by Justin Braun and loses puck.
13:24 of 3rd period - Shot by Vladimir Tarasenko.
13:24 of 3rd period - Stopped by Kari Lehtonen without a rebound.
13:25 of 3rd period - Artem Anisimov wins face-off versus Jeff Carter in Lightning zone.
13:40 of 3rd period - Shot by Jeff Carter.
13:40 of 3rd period - Stopped by Marc-Andre Fleury with a rebound.
13:48 of 3rd period - Shot by Teddy Purcell.
13:48 of 3rd period - Shot Misses the Net.
13:50 of 3rd period - Shot by Patric Hornqvist.
13:50 of 3rd period - Stopped by Marc-Andre Fleury without a rebound.
13:51 of 3rd period - Henrik Sedin wins face-off versus Jori Lehtera in Panthers zone.
14:00 of 3rd period - Shot by Tomas Hertl.
14:00 of 3rd period - Shot Misses the Net.
14:02 of 3rd period - Shot by Joakim Nordstrom.
14:02 of 3rd period - Stopped by Kari Lehtonen with a rebound.
14:04 of 3rd period - Shot by Tomas Hertl.
14:04 of 3rd period - Stopped by Kari Lehtonen without a rebound.
14:05 of 3rd period - Eric Fehr wins face-off versus Nikolaj Ehlers in Lightning zone.
14:31 of 3rd period - Nick Spaling is hit by T.J. Brodie and loses puck.
14:59 of 3rd period - Nikolaj Ehlers is hit by Henrik Sedin and loses puck.
15:08 of 3rd period - Shot by Johnny Gaudreau.
15:08 of 3rd period - Shot Misses the Net.
15:10 of 3rd period - Shot by Henrik Sedin.
15:10 of 3rd period - Stopped by Marc-Andre Fleury without a rebound.
15:11 of 3rd period - Joe Thornton wins face-off versus Jeff Carter in Panthers zone.
15:15 of 3rd period - Icing by Vladimir Tarasenko.
15:16 of 3rd period - Henrik Sedin wins face-off versus Joe Thornton in Panthers zone.
15:40 of 3rd period - Shot by Andre Benoit.
15:40 of 3rd period - Stopped by Marc-Andre Fleury without a rebound.
15:41 of 3rd period - Patric Hornqvist wins face-off versus Joakim Nordstrom in Panthers zone.
15:59 of 3rd period - Icing by Trevor van Riemsdyk.
16:00 of 3rd period - Jori Lehtera wins face-off versus Henrik Sedin in Panthers zone.
16:11 of 3rd period - Icing by Jori Lehtera.
16:12 of 3rd period - Jori Lehtera wins face-off versus Jeff Carter in Panthers zone.
16:31 of 3rd period - Shot by Tomas Hertl.
16:31 of 3rd period - Goal by Tomas Hertl - Lightning : 3 - Panthers : 5.
16:32 of 3rd period - Artem Anisimov wins face-off versus Henrik Sedin in neutral zone.
17:13 of 3rd period - Shot by Nikolaj Ehlers.
17:13 of 3rd period - Stopped by Kari Lehtonen with a rebound.
18:43 of 3rd period - Shot by Travis Zajac.
18:43 of 3rd period - Deflect By Troy Brouwer.
18:43 of 3rd period - Shot Blocked by Alexey Marchenko.
19:09 of 3rd period - Shot by Danny DeKeyser.
19:09 of 3rd period - Stopped by Kari Lehtonen with a rebound.
19:21 of 3rd period - Shot by Pierre-Edouard Bellemare.
19:21 of 3rd period - Stopped by Kari Lehtonen without a rebound.
19:22 of 3rd period - Eric Fehr wins face-off versus Artem Anisimov in Lightning zone.
19:22 of 3rd period - Eric Fehr is hit by Artem Anisimov.
19:46 of 3rd period - Tobias Rieder is hit by Jacob Trouba and loses puck.
Goals for this period are 0 for Lightning vs 2 for Panthers.
Shots for this period are 13 for Lightning vs 13 for Panthers.